 Dungeon Crawl Stone Soup version 0.25-a0-578-gc91f01c39c (webtiles) character file.

Game seed: 5676900162583137066, levelgen mode: deterministic

101134 sanka the Gelid (level 16, 0/122 HPs)
             Began as a Barachi Ice Elementalist on Feb 24, 2020.
             Was the Champion of Vehumet.
             Slain by a skeletal warrior
             ... wielding a +0 halberd of flaming
             ... led by a death knight
              (1 damage)
             ... on level 13 of the Dungeon on Mar 6, 2020.
             The game lasted 01:59:51 (28158 turns).

sanka the Gelid (Barachi Ice Elementalist)         Turns: 28158, Time: 01:59:51

Health: 0/122      AC: 17    Str: 11    XL:     16   Next: 29%
Magic:  21/32      EV: 23    Int: 29    God:    Vehumet [******]
Gold:   250        SH:  0    Dex: 18    Spells: 5/39 levels left

rFire    + + .     SeeInvis .   a - +10 morningstar "Eos" {elec, Halo rElec}
rCold    . . .     Gourm    .   (no shield)
rNeg     . . .     Faith    +   L - +4 leather armour of Conscience {rF++ Dex+4}
rPois    .         Spirit   .   s - +2 helmet {Int+3}
rElec    +         Reflect  .   q - +0 cloak
rCorr    +         Harm     .   D - +2 pair of gloves {archery}
MR       +....                  B - +2 pair of boots
Stlth    +.........             x - amulet of faith
HPRegen  0.30/turn              k - ring of Discretion {rCorr Dex+2}
MPRegen  0.23/turn              p - +4 ring of intelligence

@: about to teleport, no potions, can't hop, glowing, slow
A: +LOS, swims, slowness 1, strong legs 2
a: Hop, Renounce Religion


You were on level 13 of the Dungeon.
You worshipped Vehumet.
Vehumet was exalted by your worship.
You were not hungry.

You visited 4 branches of the dungeon, and saw 22 of its levels.
You also visited: Bailey, Ice Cave and Volcano.

You collected 2930 gold pieces.
You spent 2680 gold pieces at shops.


Innate Abilities, Weirdness & Mutations

You can be seen from farther away. (+LOS)
You can swim through water.
You cover ground slowly.
You can hop long distances.


   Skills:
 - Level 10.0 Fighting
 + Level 2.0 Long Blades
 - Level 15.0 Dodging
 - Level 1.7 Stealth
 - Level 12.0 Spellcasting
 - Level 7.8 Conjurations
 - Level 1.0 Charms
 - Level 3.0 Summonings
 - Level 20.0 Ice Magic
 - Level 8.0 Evocations


You had 5 spell levels left.
You knew the following spells:

 Your Spells              Type           Power        Failure   Level  Hunger
a - Ozocubu's Armour      Chrm/Ice       ######..     1%          3    None
u - Hailstorm             Conj/Ice       #######.     1%          4    None
x - Summon Ice Beast      Ice/Summ       ######..     1%          4    None
y - Frozen Ramparts       Ice            ######       0%          3    None
z - Ozocubu's Refrigerat  Ice            #######...   1%          6    #####..
C - Spellforged Servitor  Conj/Summ      #####.....   63%         7    ######.
V - Conjure Ball Lightni  Conj/Air       #####.....   30%         6    #####..
X - Freeze                Ice            ####         0%          1    None

Your spell library contained the following spells:

 Spells                   Type           Power        Failure   Level  Hunger
 Summon Butterflies       Summ           ####....     1%          1    None
 Summon Small Mammal      Summ           ####         1%          1    None
 Infusion                 Chrm           ###.         2%          1    None
 Call Canine Familiar     Summ           ####....     3%          3    None
 Animate Skeleton         Necr           N/A          4%          1    None
 Apportation              Tloc           ###...       4%          1    None
 Corona                   Hex            ###....      4%          1    None
 Shroud of Golubria       Chrm/Tloc      ###...       4%          2    None
 Song of Slaying          Chrm           ###.....     4%          2    None
 Spectral Weapon          Hex/Chrm       ###.....     10%         3    None
 Summon Mana Viper        Hex/Summ       ####....     52%         5    ##.....
 Summon Hydra             Summ           ####......   100%        7    ######.

Inventory:

Hand Weapons
 a - the +10 morningstar "Eos" (weapon) {elec, Halo rElec} Occasionally, upon striking a foe, it will discharge some electrical energy and cause terrible harm. It insulates you from electricity.
 b - the +8 demon blade "Leech" {vamp, *Rage +Rage rN+}

   It inflicts no extra harm, but heals its wielder when it wounds a living foe.
   It protects you from negative energy.
   It lets you go berserk.
   It may make you go berserk in combat.
Missiles
 S - 16 curare-tipped darts {=f}
Armour
 q - a +0 cloak (worn)
 s - a +2 helmet of intelligence (worn)
 B - a +2 pair of boots (worn)
 D - a +2 pair of gloves of archery (worn)
 L - the +4 leather armour of Conscience (worn) {rF++ Dex+4}

   It affects your dexterity (+4).
   It greatly protects you from fire.
   If you remove this armour, your AC will decrease by 7 (17 -> 10).
Jewellery
 e - an uncursed ring of poison resistance
 f - an uncursed amulet of harm {unknown}
 g - an uncursed amulet of magic regeneration {unknown}
 h - an uncursed ring of ice
 k - the ring of Discretion (left hand) {rCorr Dex+2}

   [ring of resist corrosion]

   It affects your dexterity (+2).
   It provides partial protection from all sources of acid and corrosion.
 p - a +4 ring of intelligence (right hand)
 u - the amulet of Ysubiav {RegenMP rElec rN+ Str+4}

   [amulet of magic regeneration]

   It increases your magic regeneration.
   It affects your strength (+4).
   It insulates you from electricity.
   It protects you from negative energy.
 x - an amulet of faith (around neck)
 X - an uncursed ring of protection from fire
Wands
 l - a wand of paralysis (11)
 v - a wand of disintegration (42)
 y - a wand of polymorph (8)
 C - a wand of flame (20)
 I - a wand of acid (10)
 K - a wand of iceblast (14)
 Q - a wand of scattershot (3)
 V - a wand of digging (7)
Scrolls
 j - 13 scrolls of teleportation {@r4}
 m - 3 scrolls of immolation {!r}
 n - a scroll of fog
 o - 6 scrolls of magic mapping
 r - 6 scrolls of amnesia
 w - 5 scrolls of remove curse
 O - 2 scrolls of fear
 R - 4 scrolls of enchant weapon
 U - a scroll of summoning
Potions
 d - 10 potions of curing {@q1}
 i - 3 potions of haste {@q3}
 t - a potion of might {unknown}
 A - a potion of heal wounds {unknown}
 E - 6 potions of lignification {!q}
 F - 2 potions of berserk rage {unknown}
 G - a potion of magic
 H - 3 potions of brilliance
 J - a potion of stabbing
 M - a potion of ambrosia {unknown}
 N - 4 potions of resistance
 P - 2 potions of flight {unknown}
 T - 3 potions of cancellation
 W - 2 potions of degeneration {unknown}
Miscellaneous
 z - a phial of floods
 Y - a phantom mirror
Comestibles
 c - 55 rations

Dungeon Overview and Level Annotations

Branches:
Dungeon (13/15)            Temple (1/1) D:6            Lair (6/6) D:8
 Shoals (0/4) Lair:3        Snake (0/4) Lair:2        Slime (0/5) Lair:5
    Orc (2/2) D:10            Elf (0/3) Orc:2        Bailey (visited)
  IceCv (visited)         Volcano (visited)
 Vaults: D:13-14

Altars:
Ashenzari
Cheibriados
Dithmenos
Elyvilon
Fedhas
Gozag
Hepliaklqana
Kikubaaqudgha
Makhleb
Nemelex Xobeh
Okawaru
Qazlal
Ru
Sif Muna
Trog
Uskayaw
Vehumet
Wu Jian
Xom
Yredelemnul
Zin
The Shining One
Beogh

Shops:
Orc:1 *   Orc:2 ([(*

Annotations:
D:7 2 transporters
D:13 exclusion: orange crystal statue

▒.▒..▒▒▒▒▒.▒ ▒▒.▒..▒.....▒
▒▒..▒..▒▒▒▒..▒
▒▒...▒..▒.....▒▒
▒▒▒▒..(.▒..▒..<....
.?£........▒.......
▒▒▒▒▒▒▒▒▒▒▒▒▒▒.[|.▒....<▒▒
.............)...[▒▒.▒.▒▒
.........F.z....[[▒▒.▒.▒
▒▒▒▒▒▒▒▒▒▒▒▒▒▒▒▒▒▒.▒.▒.▒
▒▒▒▒▒...▒.▒ .........(..▒
▒▒▒▒▒▒▒▒.▒▒▒▒ ▒.▒ ..) ▒▒.▒
...


You could see a skeletal warrior.


Message History

The wall releases a blast of icicles at the death knight!
The walls release a blast of icicles at the phantasmal warrior!
The phantasmal warrior partially resists.
The phantasmal warrior is encased in ice.
The phantasmal warrior blinks!
The heat is drained from your surroundings.
You feel very cold.
The death knight and the phantasmal warrior are frozen.
You kill the death knight!
Vehumet accepts your kill.
Your Long Blades skill increases to level 1!
The phantasmal warrior resists.
You destroy the phantasmal warrior!
Vehumet accepts your kill.
Your Long Blades skill increases to level 2!
Unknown command.
Unknown command.
Your icy armour cracks and falls away as you move.
The frozen ramparts melt away.
A skeletal warrior comes into view. It is wielding a +0 halberd of flaming.
The skeletal warrior hits you from afar with a +0 halberd of flaming!
* * * LOW HITPOINT WARNING * * *
The skeletal warrior burns you.
* * * LOW HITPOINT WARNING * * *
As you read the scroll of teleportation {@r4}, it crumbles to dust.
You feel strangely unstable.
The skeletal warrior hits you from afar with a +0 halberd of flaming!
* * * LOW HITPOINT WARNING * * *
The skeletal warrior burns you.
You die...

Action                   |  1- 3 |  4- 6 |  7- 9 | 10-12 | 13-15 | 16-18 || total
-------------------------+-------+-------+-------+-------+-------+-------++-------
Melee: Dagger            |    42 |    75 |    71 |       |       |       ||   188
       Unarmed           |     1 |       |       |       |       |       ||     1
       Halberd           |       |     5 |    19 |     8 |       |       ||    32
       Morningstar       |       |       |    60 |       |   174 |    64 ||   298
       Falchion          |       |       |    16 |    77 |       |       ||    93
       Spear             |       |       |       |    12 |       |       ||    12
       Short sword       |       |       |       |   281 |   149 |       ||   430
       Scimitar          |       |       |       |       |   164 |       ||   164
 Cast: Freeze            |    21 |     8 |   107 |   260 |   122 |       ||   518
       Frozen Ramparts   |     3 |    11 |    17 |    45 |    47 |     3 ||   126
       Ozocubu's Armour  |       |     2 |    12 |    37 |    66 |     8 ||   125
       Summon Ice Beast  |       |       |     4 |     1 |       |       ||     5
       Hailstorm         |       |       |     9 |    24 |     6 |     2 ||    41
       Ozocubu's Refrige |       |       |       |     8 |   141 |    21 ||   170
 Abil: Hop               |       |       |     4 |     2 |       |     1 ||     7
       Evoke Berserk Rag |       |       |     1 |       |       |       ||     1
Evoke: Wand              |       |       |       |     4 |     4 |       ||     8
  Use: Scroll            |       |       |     8 |    12 |     8 |     4 ||    32
       Potion            |       |       |     4 |     1 |       |       ||     5
 Stab: Sleeping          |     3 |     1 |     1 |     3 |     2 |       ||    10
  Eat: Chunk             |     2 |     8 |    20 |    28 |    63 |     8 ||   129
       Ration            |       |       |     1 |     2 |     5 |       ||     8
Armor: Robe              |    11 |     3 |       |       |       |       ||    14
       Leather armour    |       |    19 |   101 |       |    74 |    31 ||   225
       Steam dragon scal |       |       |    58 |   283 |   220 |       ||   561
Dodge: Dodged            |    32 |    43 |   208 |   682 |  1047 |   111 ||  2123
       Rpst.: Falchion   |       |       |    18 |    58 |       |       ||    76
       Scimitar          |       |       |       |       |   109 |       ||   109

Levels and vault maps discovered:
D:1:      minmay_arrival_loop, layout_loops_ring
D:2:      layout_loops_ring, lemuel_crystal_altar
D:3:      layout_basic, lemuel_doored_altar, chequers_ecumenical_altar_lobes,
          first_ration, nemelex_lonely_heart_becter
D:4:      layout_loops_ring, lemuel_crystal_altar, uniq_blork_the_orc
D:5:      layout_cave_pods, gammafunk_temple_overflow_pools,
          minmay_misc_feat_ornament
D:6:      layout_cave_pods, minmay_temple_entry_overgrown, uniq_pikel,
          uniq_maggie, uniq_sigmund
D:7:      layout_cave_pods, gammafunk_temple_overflow_arena, serial_gnoll_camp,
          gnoll_camp_mini_basic, gnoll_camp_mini_loothouse, gnoll_camp_mini_hut,
          gnoll_camp_mini_hut, gnoll_camp_huts_basic, uniq_menkaure
D:8:      layout_basic, erik_lair_orcish_takeover, basic_altar,
          blue_anna_alchemist [blue_anna_fruit_fields, blue_anna_fruit_fields],
          chequers_jeans, lemuel_centaur_altar
D:9:      layout_basic, basic_altar
D:10:     layout_rooms, hiddenorc2_lemuel, basic_altar, enter_bailey_3,
          serial_park_tiny_1, hangedman_decor_clover_reticule,
          lemuel_mausoleum_altar_yredelemnul, uniq_josephine
D:11:     layout_roguey, special_room [special_room_bee], uniq_sonja
D:12:     layout_basic, serial_ice, serial_ice_n, serial_ice_m, serial_ice_g,
          serial_ice_e, portal_ice_cave_entry_ice_beasts, zaba_antful_of_joy,
          uniq_nessos, uniq_azrael, uniq_kirke
D:13:     minmay_containers, layout_loops_ring, minivault_16, nooodl_orcs_dogs
Temple:   compressed_dpeg_circular_temple
Lair:1:   layout_cave_pods
Lair:2:   layout_chaotic_city, dummy_snake_entry, st_stairs_10,
          grunt_megastairs_1, serial_bayou_shore_a, uniq_erica
Lair:3:   layout_gridlike, elwin_shoals_entry_rocks, uniq_fannar
Lair:4:   layout_gridlike
Lair:5:   layout_layer_cave, nicolae_slime_entry_slimehenge
Lair:6:   hangedman_lair_tendril_chambers, layout_regular_city,
          hangedman_lair_caniforms_friends, nicolae_volcano_entry_s_turn
Orc:1:    layout_caves, serial_shops, nicolae_shop_crystal
Orc:2:    grunt_orc_cross, layout_diamond_mine, serial_shops,
          nicolae_shop_waterfront, basic_altar, trog_book, uniq_maurice

Notes
Turn   | Place    | Note
-------+----------+-------------------------------------------
     0 | D:1      | sanka the Barachi Ice Elementalist began the quest for the
                  | Orb.
     0 | D:1      | Reached XP level 1. HP: 13/13 MP: 3/3
   123 | D:1      | Reached skill level 5 in Ice Magic
   176 | D:1      | Reached XP level 2. HP: 15/19 MP: 2/5
   857 | D:1      | Reached XP level 3. HP: 20/24 MP: 5/7
   893 | D:1      | Reached skill level 3 in Spellcasting
   898 | D:1      | Learned a level 3 spell: Frozen Ramparts
   902 | D:1      | Learned a level 3 spell: Ozocubu's Armour
  1291 | D:2      | Reached skill level 6 in Ice Magic
  1291 | D:2      | Reached XP level 4. HP: 13/30 MP: 1/8
  1704 | D:2      | Found a basalt altar of Yredelemnul.
  2306 | D:3      | Reached XP level 5. HP: 30/35 MP: 2/9
  2345 | D:3      | Reached skill level 7 in Ice Magic
  2405 | D:3      | Found a sparkling altar of Nemelex Xobeh.
  2632 | D:3      | Found a glowing golden altar of the Shining One.
  2735 | D:3      | Found a faded altar of an unknown god.
  2966 | D:4      | Reached skill level 4 in Spellcasting
  2966 | D:4      | Reached XP level 6. HP: 24/41 MP: 5/12
  3103 | D:4      | Found a shimmering blue altar of Sif Muna.
  3155 | D:4      | Noticed Blork the orc
  3164 | D:4      | Killed Blork the orc
  3164 | D:4      | Reached skill level 8 in Ice Magic
  3244 | D:4      | Noticed a sky beast
  3253 | D:4      | Killed a sky beast
  3256 | D:4      | Reached XP level 7. HP: 46/46 MP: 7/13
  3256 | D:4      | Reached skill level 9 in Ice Magic
  3668 | D:4      | Reached skill level 10 in Ice Magic
  4138 | D:5      | Entered Level 5 of the Dungeon
  4734 | D:5      | Reached XP level 8. HP: 43/52 MP: 14/14
  4934 | D:5      | Reached skill level 11 in Ice Magic
  5301 | D:5      | Found a snail-covered altar of Cheibriados.
  5302 | D:5      | Found a stormy altar of Qazlal.
  5608 | D:6      | Noticed Pikel
  5613 | D:6      | Killed Pikel
  5613 | D:6      | Reached skill level 12 in Ice Magic
  5614 | D:6      | Found a staircase to the Ecumenical Temple.
  5624 | Temple   | Entered the Ecumenical Temple
  5719 | Temple   | Became a worshipper of Vehumet
  5848 | D:6      | Killed Sigmund
  5946 | D:5      | Learned a level 4 spell: Summon Ice Beast
  5959 | D:6      | Reached XP level 9. HP: 57/57 MP: 3/15
  5963 | D:6      | Reached skill level 1 in Fighting
  5963 | D:6      | Reached skill level 13 in Ice Magic
  5969 | D:6      | Learned a level 4 spell: Hailstorm
  6110 | D:6      | Reached skill level 1 in Summonings
  6112 | D:6      | Reached skill level 1 in Charms
  6195 | D:6      | Reached skill level 3 in Dodging
  6196 | D:6      | Identified +1 steam dragon scales
  6196 | D:6      | Noticed Maggie
  6215 | D:6      | Killed Maggie
  6215 | D:6      | Reached skill level 2 in Fighting
  6215 | D:6      | Reached skill level 1 in Conjurations
  6690 | D:7      | Found a shadowy altar of Dithmenos.
  6690 | D:7      | Noticed a manticore
  6691 | D:7      | Noticed a tengu warrior
  6697 | D:7      | Found a transporter.
  6712 | D:7      | Noticed Menkaure
  6715 | D:7      | Reached skill level 3 in Fighting
  6715 | D:7      | Reached skill level 2 in Summonings
  6722 | D:7      | Found a transporter.
  6730 | D:6      | HP: 6/64 [killer bee (5)]
  6735 | D:6      | HP: 6/64 [poisoned by a killer bee]
  6741 | D:6      | HP: 5/64 [poisoned by a killer bee]
  6749 | D:6      | HP: 5/64 [poisoned by a killer bee]
  7069 | D:7      | Reached skill level 4 in Dodging
  7086 | D:7      | Reached skill level 2 in Conjurations
  7313 | D:7      | Reached skill level 4 in Fighting
  7505 | D:7      | Reached * piety under Vehumet
  7505 | D:7      | Offered knowledge of Sandblast by Vehumet.
  7550 | D:7      | Reached skill level 3 in Summonings
  7701 | D:7      | Reached skill level 5 in Spellcasting
  8008 | D:7      | Killed Menkaure
  8008 | D:7      | Reached skill level 5 in Dodging
  8476 | D:7      | Reached skill level 5 in Fighting
  8556 | D:7      | Reached skill level 3 in Conjurations
  8556 | D:7      | Reached XP level 10. HP: 73/74 MP: 17/17
  8984 | D:8      | Found an iron altar of Okawaru.
  9136 | D:8      | Found a staircase to the Lair.
  9150 | D:8      | Reached skill level 6 in Dodging
  9151 | D:8      | Reached skill level 6 in Fighting
  9604 | D:8      | Reached skill level 7 in Fighting
  9717 | D:8      | Reached skill level 7 in Dodging
  9720 | D:8      | Reached ** piety under Vehumet
  9720 | D:8      | Offered knowledge of Searing Ray by Vehumet.
  9890 | D:8      | Noticed a two-headed ogre
  9897 | D:8      | Killed a two-headed ogre
  9897 | D:8      | Reached skill level 8 in Fighting
 10100 | D:8      | Found a shattered altar of Ashenzari.
 10108 | D:8      | Reached skill level 8 in Dodging
 10636 | D:9      | Found a glowing golden altar of the Shining One.
 10742 | D:9      | Offered knowledge of Mephitic Cloud by Vehumet.
 10761 | D:9      | Reached skill level 9 in Fighting
 10761 | D:9      | Reached skill level 9 in Dodging
 10761 | D:9      | Reached XP level 11. HP: 62/89 MP: 13/18
 11457 | D:10     | Entered Level 10 of the Dungeon
 11457 | D:10     | Noticed a five-headed hydra
 11468 | D:10     | Killed a five-headed hydra
 11468 | D:10     | Reached *** piety under Vehumet
 11717 | D:10     | Reached skill level 10 in Dodging
 11747 | D:10     | Found a shimmering altar of Xom.
 11796 | D:10     | Killed an unseen horror
 11845 | D:10     | Offered knowledge of Conjure Flame by Vehumet.
 11856 | D:10     | Found a staircase to the Orcish Mines.
 11862 | D:10     | Reached skill level 10 in Fighting
 11940 | D:10     | Noticed a centaur warrior
 11961 | D:10     | HP: 7/90 [centaur warrior (3)]
 11962 | D:10     | Killed a centaur warrior
 11962 | D:10     | Reached skill level 11 in Dodging
 12004 | D:10     | HP: 9/90 [centaur warrior zombie (7)]
 12007 | D:10     | Found a flagged portal.
 12013 | Bailey   | Entered a bailey
 12547 | Bailey   | Noticed an orc sorcerer
 12561 | Bailey   | Reached **** piety under Vehumet
 12568 | Bailey   | Killed an orc sorcerer
 12735 | Bailey   | Reached skill level 12 in Dodging
 12778 | Bailey   | Offered knowledge of Iskenderun's Battlesphere by Vehumet.
 13034 | Bailey   | Identified the amulet of Ysubiav {RegenMP rElec rN+ Str+4}
                  | (You acquired it in a bailey)
 13052 | Bailey   | Found an iron altar of Okawaru.
 13145 | Bailey   | Noticed an orc knight
 13145 | Bailey   | Noticed an orc knight
 13159 | Bailey   | Killed an orc knight
 13161 | Bailey   | Killed an orc knight
 13161 | Bailey   | Reached XP level 12. HP: 15/97 MP: 13/19
 13617 | Bailey   | Got a translucent ring mail
 13628 | Bailey   | Identified the +1 ring mail "Ewabacawn" {*Drain rPois rN+++
                  | rCorr} (You found it in a bailey)
 13664 | D:10     | Reached skill level 13 in Dodging
 13748 | D:10     | Reached ***** piety under Vehumet
 13748 | D:10     | Offered knowledge of Ozocubu's Refrigeration by Vehumet.
 13756 | D:10     | Learned a level 6 spell: Ozocubu's Refrigeration
 14154 | D:10     | Found a basalt altar of Yredelemnul.
 14342 | D:10     | Noticed Josephine
 14351 | D:10     | Killed Josephine
 14351 | D:10     | Reached skill level 14 in Dodging
 14587 | D:11     | Noticed Sonja
 14598 | D:11     | Killed Sonja
 14963 | D:11     | Reached skill level 15 in Dodging
 15385 | Lair:1   | Entered Level 1 of the Lair of Beasts
 15393 | Lair:1   | Noticed a seven-headed hydra
 15433 | Lair:1   | Killed a seven-headed hydra
 15433 | Lair:1   | Reached skill level 14 in Ice Magic
 15536 | Lair:1   | Gained mutation: You can hop long distances. [Barachi
                  | growth]
 15536 | Lair:1   | Reached XP level 13. HP: 103/103 MP: 20/20
 15889 | Lair:1   | Reached skill level 6 in Spellcasting
 16153 | Lair:1   | Reached skill level 15 in Ice Magic
 16358 | Lair:2   | Noticed Erica
 16369 | Lair:2   | Killed Erica
 16499 | Lair:2   | Reached skill level 7 in Spellcasting
 16740 | Lair:2   | Found a staircase to the Snake Pit.
 17137 | Lair:3   | Noticed Fannar
 17146 | Lair:3   | Killed Fannar
 17265 | Lair:3   | Reached skill level 8 in Spellcasting
 17355 | Lair:3   | Reached skill level 16 in Ice Magic
 17802 | Lair:3   | Found a staircase to the Shoals.
 18210 | Lair:3   | Upgraded the game from 0.25-a0-558-g78a2afb0af to
                  | 0.25-a0-565-g8875c97ebb
 18284 | Lair:4   | Reached skill level 9 in Spellcasting
 18313 | Lair:4   | Reached skill level 1 in Evocations
 18365 | Lair:4   | Reached ****** piety under Vehumet
 18365 | Lair:4   | Reached XP level 14. HP: 93/110 MP: 16/27
 18384 | Lair:4   | Offered knowledge of Iron Shot by Vehumet.
 18384 | Lair:4   | Reached skill level 2 in Evocations
 18992 | Lair:5   | Reached skill level 3 in Evocations
 19522 | Lair:5   | Found a staircase to the Slime Pits.
 19593 | Lair:5   | Reached skill level 4 in Evocations
 20262 | Lair:6   | Entered Level 6 of the Lair of Beasts
 20312 | Lair:6   | Reached skill level 17 in Ice Magic
 20398 | Lair:6   | Found a dark tunnel.
 20421 | Volcano  | Entered a volcano
 20447 | Volcano  | Reached skill level 10 in Spellcasting
 20535 | Volcano  | Reached skill level 5 in Evocations
 20731 | Volcano  | Noticed a stone giant
 20732 | Volcano  | Found a bloodstained altar of Trog.
 20737 | Volcano  | Killed a stone giant
 20943 | Volcano  | Got a vibrating brass ring
 20945 | Volcano  | Identified the ring of Discretion {rCorr Dex+2} (You found
                  | it in a volcano)
 21150 | Lair:6   | Offered knowledge of Freezing Cloud by Vehumet.
 21196 | Lair:6   | Reached skill level 6 in Evocations
 21728 | Lair:6   | Reached skill level 7 in Evocations
 21798 | Lair:6   | Reached skill level 11 in Spellcasting
 21823 | Lair:6   | Reached XP level 15. HP: 105/115 MP: 30/30
 22714 | Lair:6   | Offered knowledge of Bolt of Magma by Vehumet.
 22726 | Lair:6   | Reached skill level 18 in Ice Magic
 22831 | Lair:6   | Reached skill level 8 in Evocations
 23373 | Lair:6   | Got a warped quarterstaff
 23374 | Lair:6   | Identified the +8 quarterstaff of Eluilet {holy, *Noise
                  | Int+5} (You found it on level 6 of the Lair of Beasts)
 23744 | Orc:1    | Entered Level 1 of the Orcish Mines
 23768 | Orc:1    | Paralysed by an orc sorcerer for 7 turns
 23785 | Orc:1    | Found Geenigy's General Store.
 24119 | Orc:2    | Entered Level 2 of the Orcish Mines
 24119 | Orc:2    | Found Acefox's Antique Weapon Shoppe.
 24469 | Orc:2    | Noticed Maurice
 24470 | Orc:2    | Found a roughly hewn altar of Beogh.
 24470 | Orc:2    | Noticed Nergalle
 24471 | Orc:2    | Noticed an orc warlord
 24473 | Orc:2    | Offered knowledge of Starburst by Vehumet.
 24473 | Orc:2    | Reached skill level 12 in Spellcasting
 24475 | Orc:2    | Killed Nergalle
 24475 | Orc:2    | Killed Maurice
 24476 | Orc:2    | Killed an orc warlord
 24476 | Orc:2    | Reached skill level 19 in Ice Magic
 24489 | Orc:2    | Found Deecos's Antique Armour Emporium.
 24489 | Orc:2    | Found Zebben's Antique Weapon Emporium.
 24508 | Orc:2    | Found Rovon's Book Emporium.
 24663 | Orc:2    | Found Jaemeppu's General Store.
 24838 | Orc:2    | Found a staircase to the Elven Halls.
 24987 | Orc:2    | Found a roughly hewn altar of Beogh.
 25033 | Orc:2    | Found a bloodstained altar of Trog.
 25430 | Orc:2    | Bought the +10 morningstar "Eos" {elec, Halo rElec} for
                  | 1998 gold pieces
 25430 | Orc:2    | Found the +10 morningstar "Eos" {elec, Halo rElec}
 25449 | Orc:2    | Bought the +4 leather armour of Conscience {rF++ Dex+4} for
                  | 658 gold pieces
 25449 | Orc:2    | Bought a scroll of identify for 24 gold pieces
 25462 | Orc:2    | Upgraded the game from 0.25-a0-565-g8875c97ebb to
                  | 0.25-a0-578-gc91f01c39c
 25527 | D:12     | Noticed Nessos
 25530 | D:12     | Killed Nessos
 25610 | D:12     | Noticed Kirke
 25620 | D:12     | Killed Kirke
 25622 | D:12     | Offered knowledge of Spellforged Servitor by Vehumet.
 25644 | D:12     | Learned a level 7 spell: Spellforged Servitor
 25655 | D:12     | Found a frozen archway.
 25680 | IceCv    | Entered an ice cave
 26715 | IceCv    | Found the +8 demon blade "Leech" {vamp, *Rage +Rage rN+}
 26727 | IceCv    | Got an encrusted falchion
 26728 | IceCv    | Identified the +7 falchion of Immorality {venom, rElec}
                  | (You found it in an ice cave)
 26927 | IceCv    | Reached skill level 20 in Ice Magic
 27175 | D:12     | Noticed Azrael
 27180 | D:12     | Killed Azrael
 27180 | D:12     | Reached skill level 4 in Conjurations
 27180 | D:12     | Reached XP level 16. HP: 121/122 MP: 23/32
 27466 | D:12     | Reached skill level 5 in Conjurations
 27470 | D:12     | Offered knowledge of Conjure Ball Lightning by Vehumet.
 27471 | D:12     | Reached skill level 6 in Conjurations
 27667 | D:12     | Learned a level 6 spell: Conjure Ball Lightning
 27745 | D:13     | Reached skill level 7 in Conjurations
 28148 | D:13     | Reached skill level 1 in Long Blades
 28148 | D:13     | Reached skill level 2 in Long Blades
 28153 | D:13     | HP: 7/122 [skeletal warrior/+0 halberd of flaming[a death
                  | knight] (9)]
 28158 | D:13     | HP: 1/122 [skeletal warrior/+0 halberd of flaming[a death
                  | knight] (7)]
 28158 | D:13     | Slain by a skeletal warrior

Vanquished Creatures
  Kirke (D:12)
  An orc warlord (Orc:2)
  A stone giant (Volcano)
  2 entropy weavers (D:12)
  Nessos (D:12)
  Azrael (D:12)
  Josephine (D:10)
  10 hydras
  Fannar (Lair:3)
  Erica (Lair:2)
  A catoblepas (Lair:6)
  A two-headed ogre (D:8)
  2 centaur warriors
  A death knight (D:13)
  A queen ant (D:12)
  5 death yaks (Lair:2)
  3 orc high priests (Orc:2)
  Nergalle (Orc:2)
  Sonja (D:11)
  3 unseen horrors
  A wizard (D:13)
  An obsidian statue (Volcano)
  A phantasmal warrior (D:13)
  6 orc knights
  Pikel (D:6)
  A wolf spider (Lair:6)
  A necromancer (IceCv)
  5 orc sorcerers
  An ugly thing (D:12)
  An oklob plant (Lair:4)
  2 manticores
  3 elephants (Lair:4)
  2 ice statues (IceCv)
  A guardian serpent (Lair:6)
  Maurice (Orc:2)
  7 black mambas
  16 spiny frogs
  A gargoyle (Volcano)
  2 kobold demonologists
  Maggie (D:6)
  5 komodo dragons
  An efreet (Volcano)
  2 rime drakes
  A tengu conjurer (D:13)
  8 ice devils (IceCv)
  A queen bee (D:11)
  4 trolls
  15 polar bears
  2 hornets (Lair:6)
  13 hippogriffs
  6 raiju (Lair:6)
  17 blink frogs
  11 dream sheep
  2 redbacks (Lair:6)
  3 hogs (D:12)
  33 yaks
  A vampire (D:10)
  3 wraiths (D:10)
  6 fire bats (Volcano)
  3 fire elementals
  15 wyverns
  6 basilisks
  A hungry ghost (D:10)
  4 vampire mosquitoes (D:13)
  8 wargs
  16 soldier ants (D:12)
  15 water moccasins
  14 hell hounds
  An acid dragon (D:12)
  8 porcupines
  33 orc warriors
  2 eyes of draining
  14 ice beasts
  5 sky beasts
  11 black bears (Lair:6)
  10 ogres
  3 necrophages
  4 phantoms
  10 centaurs
  8 crocodiles
  18 wolves (Lair:6)
  2 big kobolds
  Blork the orc (D:4)
  An elf zombie (D:10)
  9 bullfrogs
  6 gnoll sergeants
  An earth elemental (Volcano)
  A water moccasin skeleton (D:6)
  4 scorpions
  38 killer bees
  A troll skeleton (D:10)
  A troll zombie (D:10)
  17 wights
  6 electric eels
  7 lava snakes (Volcano)
  4 crimson imps
  5 centaur zombies
  A draconian simulacrum (IceCv)
  4 bullfrog zombies
  27 orc priests
  7 hounds
  4 human zombies (D:10)
  2 quasits
  2 centaur skeletons
  3 jellies (Lair:5)
  5 bullfrog skeletons
  5 iguanas
  2 gnoll shamans (D:7)
  A human skeleton (D:10)
  24 worker ants
  25 orc wizards
  A spriggan simulacrum (IceCv)
  4 troll simulacra (IceCv)
  2 bullfrog simulacra
  A centaur simulacrum (IceCv)
  2 mummies (D:10)
  3 worker ant zombies
  35 gnolls
  8 adders
  2 naga simulacra (IceCv)
  An ogre simulacrum (IceCv)
  3 shadow imps
  A white imp (D:12)
  An ufetubus (D:12)
  3 oozes
  3 adder zombies
  3 dart slugs (D:1)
  4 worms
  6 leopard geckos
  102 orcs
  3 ball pythons
  A giant cockroach (D:3)
  21 goblins
  11 hobgoblins
  15 jackals
  5 quokkas
  A bat (D:1)
  6 frilled lizards
  2 jackal zombies
  12 kobolds
  2 rats (D:1)
  A bush (Lair:4)
  27 fungi
  47 plants
992 creatures vanquished.

Vanquished Creatures (collateral kills)
  Menkaure (D:7)
  A shadow imp (D:6)
2 creatures vanquished.

Vanquished Creatures (others)
  Sigmund (D:6)
  A slave (D:6)
  A scorpion (D:6)
  A jelly (D:6)
  An orc wizard (D:8)
  A hound skeleton (D:6)
  An adder (D:6)
  A bush (Lair:6)
  20 fungi (Lair:6)
  28 plants (Lair:6)
56 creatures vanquished.

Grand Total: 1050 creatures vanquished
